 Dungeon Crawl Stone Soup version 0.24.1-8-ga250c9d538 (webtiles) character file.

Game seed: 5355860734730258479, levelgen mode: deterministic

666 Hugehornet the Basher (level 7, -2/41 HPs)
             Began as a Gargoyle Fighter on May 1, 2020.
             Slain by an adder (3 damage)
             ... in a sewer.
             The game lasted 00:08:16 (3184 turns).

Hugehornet the Basher (Gargoyle Fighter)            Turns: 3184, Time: 00:08:16

Health: -2/41      AC: 17    Str: 26    XL:     7   Next: 57%
Magic:  7/7        EV:  4    Int: 14    God:
Gold:   175        SH:  9    Dex:  9    Spells: 6/6 levels left

rFire    . . .     SeeInvis .   a - +0 flail
rCold    . . .     Gourm    .   c - +0 shield
rNeg     + . .     Faith    .   p - +0 plate armour
rPois    ∞         Spirit   .   (no helmet)
rElec    +         Reflect  .   (no cloak)
rCorr    .         Harm     .   (no gloves)
MR       .....                  k - +0 pair of boots
Stlth    ..........             (no amulet)
HPRegen  0.13/turn              (no ring)
MPRegen  0.10/turn              (no ring)

@: mighty, brilliant, very slow
A: negative energy resistance 1, electricity resistance, unbreathing,
petrification resistance, rot immunity, AC +4
a: no special abilities


You were in a sewer.
You were not hungry.

You visited 1 branch of the dungeon, and saw 4 of its levels.
You also visited: Sewer.

You collected 175 gold pieces.

Inventory:

Hand Weapons
 a - a +0 flail (weapon)
Armour
 c - a +0 shield (worn)
 k - a +0 pair of boots (worn)
 p - a +0 plate armour (worn)
Jewellery
 o - an uncursed ring of protection from cold {unknown}
Scrolls
 e - 2 scrolls of identify
 g - 6 scrolls of magic mapping
 i - a scroll of amnesia {unknown}
 l - 2 scrolls of remove curse {unknown}
 m - a scroll of teleportation {unknown}
 q - a scroll of immolation {unknown}
 s - a scroll of random uselessness {unknown}
 v - 2 scrolls of fear {unknown}
Potions
 b - a potion of cancellation {unknown}
 d - a potion of agility {unknown}
 h - a potion of invisibility {unknown}
 n - 2 potions of magic {unknown}
 r - a potion of brilliance
 t - a potion of might
 u - a potion of heal wounds {unknown}
Comestibles
 f - 12 rations


   Skills:
 - Level 3.2 Fighting
 + Level 8.3 Maces & Flails
 - Level 3.2 Armour
 - Level 3.2 Shields


You had 6 spell levels left.
You didn't know any spells.
Your spell library was empty.

Dungeon Overview and Level Annotations

Branches:
Dungeon (4/15)              Sewer (1/1)
 Temple: D:4-7

Altars:
Vehumet


Innate Abilities, Weirdness & Mutations

You are resistant to torment.
Your stone body is resilient. (AC +4)
You are immune to poison.
You resist negative energy. (rN+)
You are resistant to electric shocks. (rElec)
You can survive without breathing.
You are immune to petrification.
You are immune to rotting.


Message History

The adder bites you but does no damage. You block the adder's attack.
You block the frilled lizard's attack. You block the adder's attack.
The adder bites you but does no damage. x3
The frilled lizard completely misses you.
You block the adder's attack. The adder bites you but does no damage.
You block the adder's attack. The adder bites you but does no damage.
The frilled lizard completely misses you.
The adder bites you but does no damage. The adder barely misses you.
The adder bites you but does no damage.
You see here a bullfrog corpse.
The adder bites you but does no damage. You block the adder's attack.
The adder bites you but does no damage. The adder barely misses you.
The frilled lizard bites you but does no damage.
The adder bites you but does no damage. x2; You block the adder's attack.
The adder bites you.
* * * LOW HITPOINT WARNING * * *
You block the adder's attack. The adder bites you but does no damage.
The adder barely misses you. You block the adder's attack. The adder bites you.
You die...

###################
.#≈≈≈≈≈≈≈≈≈≈≈≈≈≈≈#.###
l≈≈≈≈≈≈≈†.@Sl≈≈≈≈≈...##
.≈≈≈≈≈≈≈≈≈SS≈≈≈≈≈≈....#
.≈#≈≈≈≈≈≈≈≈S≈†≈≈≈.....#
..≈≈≈≈≈≈≈≈≈≈≈≈≈≈≈≈....##
..≈≈≈≈≈≈≈≈≈≈≈≈≈≈≈......#
###################....#
####...## #..#....#
#..'....#


You could see 4 adders and a frilled lizard.

Vanquished Creatures
  Sigmund (D:2)
  2 bullfrogs (Sewer)
  An orc wizard (D:3)
  An orc priest (D:4)
  Jessica (D:2)
  A worker ant (D:4)
  Robin (D:3)
  9 adders
  4 river rats (Sewer)
  An ooze (Sewer)
  An adder skeleton (D:4)
  2 worms
  4 dart slugs
  5 leopard geckos
  8 orcs
  5 giant cockroaches
  15 goblins
  13 hobgoblins
  11 kobolds
  A quokka (D:2)
  11 ball pythons
  6 bats
  6 frilled lizards
  A quokka skeleton (D:4)
  28 rats
139 creatures vanquished.

Notes
Turn   | Place    | Note
-------+----------+-------------------------------------------
     0 | D:1      | Hugehornet the Gargoyle Fighter began the quest for the
                  | Orb.
     0 | D:1      | Reached XP level 1. HP: 14/14 MP: 1/1
    52 | D:1      | Reached XP level 2. HP: 19/19 MP: 2/2
   129 | D:1      | Reached skill level 3 in Maces & Flails
   249 | D:1      | Reached XP level 3. HP: 22/23 MP: 3/3
   897 | D:2      | Reached skill level 4 in Maces & Flails
   936 | D:2      | Reached XP level 4. HP: 27/28 MP: 4/4
  1241 | D:2      | Found a faded altar of an unknown god.
  1250 | D:2      | Noticed Jessica
  1256 | D:2      | Killed Jessica
  1390 | D:2      | Reached skill level 5 in Maces & Flails
  1413 | D:2      | Reached XP level 5. HP: 25/32 MP: 5/5
  1591 | D:2      | Noticed Sigmund
  1602 | D:2      | Killed Sigmund
  1602 | D:2      | Reached skill level 6 in Maces & Flails
  1602 | D:2      | Reached XP level 6. HP: 24/37 MP: 6/6
  1870 | D:3      | Noticed Robin
  1908 | D:3      | Killed Robin
  2435 | D:4      | Found a radiant altar of Vehumet.
  2461 | D:4      | Reached skill level 7 in Maces & Flails
  2547 | D:4      | Found a glowing drain.
  2557 | D:4      | Reached XP level 7. HP: 36/41 MP: 7/7
  2566 | Sewer    | Entered a sewer
  3160 | Sewer    | Reached skill level 8 in Maces & Flails
  3176 | Sewer    | HP: 1/41 [bullfrog (3)]
  3183 | Sewer    | HP: 1/41 [adder (1)]
  3184 | Sewer    | Slain by an adder

Levels and vault maps discovered:
D:1:      ncdulo_watergridlock, layout_basic, minmay_tetromino_t2
D:2:      layout_basic, chequers_ecumenical_altar_simple_redux, uniq_sigmund,
          uniq_jessica
D:3:      layout_loops_cross, first_ration, uniq_robin
D:4:      layout_loops_cross, portal_sewer_entry_d, chequers_garden,
          vehumet_altar_wand_db
Sewer:    sewer_minmay_w

Skill      XL: |  1  2  3  4  5  6  7 |
---------------+----------------------+-----
Maces & Flails | 3 4 5 6 7 8 |  8.3
Fighting       | |  3.2
Armour         | |  3.2
Shields        | |  3.2

Action                   |  1- 3 |  4- 6 |  7- 9 || total
-------------------------+-------+-------+-------++-------
Melee: Flail             |   122 |   273 |   171 ||   566
  Use: Potion            |       |     1 |     4 ||     5
       Scroll            |       |     1 |     1 ||     2
  Eat: Chunk             |       |     6 |     3 ||     9
Armor: Scale mail        |    61 |    46 |       ||   107
       Plate armour      |       |   193 |   300 ||   493
Dodge: Dodged            |    36 |    65 |    73 ||   174
Block: Shield            |    69 |   171 |   192 ||   432
